 Dungeon Crawl Stone Soup version 0.29.1-15-g9cfb28693d (console) character file.

Game seed: 1691604379314668400

2368790 Wentworth the Axe Maniac (level 26, 260/260 (266) HPs)
             Began as a Minotaur Fighter on Mar 13, 2023.
             Was a High Priest of Trog.
             Escaped with the Orb
             ... and 4 runes on Mar 20, 2023!
             The game lasted 09:04:21 (67226 turns).

Wentworth the Axe Maniac (Minotaur Fighter)        Turns: 67226, Time: 09:04:22

HP:   260/260 (266) AC: 47    Str: 42    XL:     26   Next: 46%
MP:   7/7           EV: 18    Int:  5    God:    Trog [*****.]
Gold: 3139          SH: 19    Dex: 20    Spells: 25/25 levels left

rFire   + + .      SeeInvis +   B - +9 broad axe (antimagic)
rCold   + + .      Faith    .   q - +2 buckler of Mezcal {+Inv rC+ Will++ Dex-3}
rNeg    . . .      Spirit   .   V - +12 gold dragon scales "Wokop" {*Corrode rPois rF+ rC+ Str+2 Dex+3 Slay+3}
rPois   +          Reflect  +   c - +0 mask of the Dragon {Will+ Slay+3 SInv}
rElec   .          Harm     .   h - +2 cloak of the Wilderness {Str+4}
rCorr   +          Rampage  ∞   p - +2 pair of gloves {Dex+3}
Will    +++++                   b - +3 pair of seven-league boots {Rampage+∞}
Stlth   ..........              H - amulet of reflection
HPRegen 0.53/turn               M - +4 ring of slaying
MPRegen 0.10/turn               E - ring of the Heavens {Drain Will+ rCorr Str+4 Dex+6}

@: studying 4 skills, lightly drained
A: horns 2, retaliatory headbutt, deformed body, fire resistance 1, mutation
resistance 1, shaggy fur 1
0: Orb of Zot
}: 4/15 runes: decaying, silver, abyssal, gossamer
a: Renounce Religion, Evoke Invisibility, Berserk, Trog's Hand, Brothers in Arms


You escaped.
You worshipped Trog.
Trog was extremely pleased with you.
You visited 10 branches of the dungeon, and saw 48 of its levels.
You visited the Abyss 1 time.
You visited 1 bazaar.
You also visited: Trove, Sewer, Ossuary and Desolation.

You collected 8005 gold pieces.
You spent 4866 gold pieces at shops.

Inventory:

Hand Weapons
 a - the +9 broad axe of Gabramun {vorpal, rC+ rN+}
   (You found it in a treasure trove)

   It inflicts extra damage upon your enemies.
   rC:        It protects you from cold.
   rN:        It protects you from negative energy.
 B - a +9 antimagic broad axe (weapon)
 W - a +3 broad axe of flaming
Missiles
 f - 12 javelins (quivered)
 l - 5 boomerangs of dispersal
 m - 5 silver boomerangs
 x - 89 poisoned darts
 R - 10 curare-tipped darts
Armour
 b - the +3 pair of seven-league boots (worn) {Rampage+∞}
   (You acquired it on level 3 of the Vaults)

   Its wearer moves as far as possible in that direction when moving towards
   enemies.
 c - the +0 mask of the Dragon (worn) {Will+ Slay+3 SInv}
   (You bought it in a shop in a bazaar)

   Slay:      It affects your accuracy & damage with ranged weapons and melee
   (+3).
   SInv:      It lets you see invisible.
   Will:      It increases your willpower.
 h - the +2 cloak of the Wilderness (worn) {Str+4}
   (You acquired it on level 3 of the Depths)

   Str:       It affects your strength (+4).
 i - a +3 tower shield
 p - a +2 pair of gloves of dexterity (worn)
 q - the +2 buckler of Mezcal (worn) {+Inv rC+ Will++ Dex-3}
   (You found it on level 3 of the Vaults)

   Dex:       It affects your dexterity (-3).
   rC:        It protects you from cold.
   +Inv:      It lets you turn invisible.
   Will:      It greatly increases your willpower.
 V - the +12 gold dragon scales "Wokop" (worn) {*Corrode rPois rF+ rC+ Str+2 Dex+3 Slay+3}
   (You bought it in a shop on level 2 of the Orcish Mines)

   Str:       It affects your strength (+2).
   Dex:       It affects your dexterity (+3).
   Slay:      It affects your accuracy & damage with ranged weapons and melee
   (+3).
   rF:        It protects you from fire.
   rC:        It protects you from cold.
   rPois:     It protects you from poison.
   *Corrode:  It may corrode you when you take damage.
Jewellery
 t - the ring "Xaoxirgh" {Ice +Blink rPois Int+4}
   (You found it on level 5 of the Lair of Beasts)

   [ring of ice]

   It enhances your ice magic.
   Int:       It affects your intelligence (+4).
   rF:        It makes you vulnerable to fire.
   rC:        It protects you from cold.
   rPois:     It protects you from poison.
   +Blink:    It lets you blink.
 E - the ring of the Heavens (right hand) {Drain Will+ rCorr Str+4 Dex+6}
   (You found it on level 2 of the Vaults)

   [ring of dexterity]

   Str:       It affects your strength (+4).
   Dex:       It affects your dexterity (+6).
   rCorr:     It protects you from acid and corrosion.
   Drain:     It drains your maximum health when unequipped.
   Will:      It increases your willpower.
 H - an amulet of reflection (around neck)
 M - a +4 ring of slaying (left hand)
 P - a ring of flight
Wands
 w - a wand of quicksilver (9)
 F - a wand of polymorph (6)
 I - a wand of paralysis (30)
 K - a wand of iceblast (74)
 O - a wand of digging (1)
 T - a wand of mindburst (29)
 Z - a wand of flame (57)
Scrolls
 r - 20 scrolls of teleportation
 u - a scroll of blinking
 y - 9 scrolls of butterflies
 G - 13 scrolls of fear
 L - 12 scrolls of poison
 N - 7 scrolls of silence
 S - 4 scrolls of magic mapping
 Y - 2 scrolls of summoning
Potions
 e - 3 potions of resistance
 g - 9 potions of haste
 j - 8 potions of flight
 k - 3 potions of cancellation
 n - 24 potions of curing
 o - 16 potions of mutation
 z - 12 potions of might
 Q - 3 potions of ambrosia
 U - 3 potions of heal wounds
 X - 2 potions of invisibility
Miscellaneous
 d - a lightning rod (4/4)
 s - a phantom mirror
 v - a box of beasts
 A - a phial of floods
 C - a condenser vane
 D - a tin of tremorstones (2/2)
 J - a piece from Xom's chessboard (15/15)


   Skills:
 O Level 27 Fighting
 O Level 27 Axes
 * Level 12.9 Throwing
 O Level 27 Armour
 * Level 14.6 Dodging
 O Level 27 Shields
 + Level 4.3 Evocations


You had 25 spell levels left.
You didn't know any spells.
Your spell library contained the following spells:

 Spells                   Type           Power      Damage    Failure   Level
 Blink                    Tloc           0%         N/A       95%         2
 Ozocubu's Armour         Ice            0%         N/A       99%         3
 Tukima's Dance           Hex            0%         N/A       99%         3
 Passage of Golubria      Tloc           0%         N/A       100%        4
 Manifold Assault         Tloc           0%         N/A       100%        5
 Summon Forest            Summ/Tloc      0%         N/A       100%        5
 Yara's Violent Unravell  Hex/Tmut       0%         3d3       100%        5
 Eringya's Noxious Bog    Tmut/Pois      0%         N/A       100%        6
 Ozocubu's Refrigeration  Ice            0%         4d7       100%        7
 Storm Form               Tmut/Air       0%         N/A       100%        7
 Summon Hydra             Summ           0%         N/A       100%        7


Dungeon Overview and Level Annotations

Branches:
Dungeon (15/15)            Temple (1/1) D:4            Lair (5/5) D:10
  Swamp (4/4) Lair:3       Spider (4/4) Lair:3        Slime (0/5) Lair:4
    Orc (2/2) D:11            Elf (3/3) Orc:2        Vaults (5/5) D:14
  Crypt (0/3) Vaults:2     Depths (4/4) D:15            Zot (5/5) Depths:4
  Sewer (visited)         Ossuary (visited)         Desolation (visited)

Altars:
Ashenzari
Cheibriados
Dithmenos
Elyvilon
Fedhas
Gozag
Hepliaklqana
Kikubaaqudgha
Makhleb
Nemelex Xobeh
Okawaru
Qazlal
Ru
Sif Muna
Trog
Uskayaw
Vehumet
Wu Jian
Xom
Yredelemnul
Zin
The Shining One

Shops:
D:1 *   D:2 ?   D:13 :   Orc:1 [[!   Orc:2 ?[(?:[:((   Elf:1 !*!(*   Elf:3 ::*
Vaults:3 !

Portals:
Hell: Depths:1 Depths:2 Depths:3 Depths:4
Abyss: Depths:1 Depths:2 Depths:3
Pandemonium: Depths:2 Depths:3
Ziggurat: Depths:1


Innate Abilities, Weirdness & Mutations

You have a pair of horns on your head.
You reflexively headbutt those who attack you in melee.
Armour fits poorly on your strangely shaped body.
Your flesh is heat resistant. (rF+)
You are somewhat resistant to further mutation.
You are covered in fur. (AC +1)


Message History

The great orb of eyes's magic leaks into the air.
The great orb of eyes is heavily wounded.
You slash the great orb of eyes!
The great orb of eyes's magic leaks into the air.
The great orb of eyes is severely wounded.
You block the great orb of eyes's attack.
You slash the great orb of eyes!
The great orb of eyes's magic leaks into the air.
You headbutt the great orb of eyes!
You kill the great orb of eyes!
Trog accepts your kill. 4 golden eyes come into view.
You cut the golden eye into ribbons!!!
You kill the golden eye!
Trog accepts your kill.
The golden eye blinks! x2
The golden eye blinks at you. You resist with almost no effort.
You stride towards the golden eye!
You slice the golden eye like a ripe choko!!!
You kill the golden eye!
Trog accepts your kill. The golden eye blinks at you.
You resist with almost no effort.
You slash the golden eye!
You kill the golden eye!
Trog accepts your kill.
A golden eye comes into view.
The golden eye blinks at you. You resist with almost no effort.
You slice the golden eye!!
You kill the golden eye!
Trog accepts your kill.
You stride towards the golden eye!
You carve the golden eye like a ham!!!
You kill the golden eye!
Trog accepts your kill.
You open the door.
There is an open door here.
There is a staircase leading out of the dungeon here.
You have escaped!

..)..+∩'..##...# .....#+#..##.#.#
.......##.##.#.# ......###).....#
......# ####.### ......######.#
############ .............#
#.##.......#######
##########...###.###.#...........
...## #.#.'..@..'.#.##.######.
#...# #######.########.# #. #...#
#.............##.# #. #...#
####.#####.####..# #. #...#
##.#####.## #### #. #...#
#.........# ##) #...#
########.######### #..
#...#####.+...........+..# #.#
..........######.######..# #..


There were no monsters in sight!

Vanquished Creatures
  4 dread liches
  8 ancient liches
  Mennas (Vaults:4)
  Mara (Depths:2)
  3 orbs of fire (Zot:5)
  A juggernaut (Depths:4)
  2 pandemonium lords
  Vv (Depths:3)
  2 Killer Klowns (Zot:5)
  A shard shrike (shapeshifter) (Depths:2)
  Xtahua (Vaults:3)
  The ghost of Faydane the Hoplite, a veteran HuFi of the Shining One (Vaults:2)
  2 curse toes (Zot:5)
  Saint Roka (Orc:2)
  10 golden dragons
  Nikola (Elf:2)
  The ghost of christhawk the Slayer, an adept MiHu of Okawaru (Vaults:2)
  The ghost of Geent the Warrior, an adept DgCj (Depths:3)
  2 bone dragons (Depths:4)
  A Brimstone Fiend (D:14)
  A Tzitzimitl (Depths:4)
  2 doom hounds (Depths:4)
  4 electric golems
  Jorgrun (D:12)
  11 tentacled monstrosities
  Asterion (Depths:2)
  23 Orb Guardians (Zot:5)
  A walking earthen tome (Depths:3)
  A walking crystal tome (Depths:3)
  A deep elf blademaster (Elf:3)
  4 liches
  Grunn (Depths:4)
  5 titans (Vaults:5)
  A walking frostbound tome (Depths:4)
  2 deep elf master archers (Elf:3)
  3 quicksilver dragons
  A quicksilver dragon (shapeshifter) (Depths:2)
  5 tentacled starspawn (Abyss:3)
  3 sphinxes (Vaults:4)
  6 death cobs
  Agnes (D:15)
  An Executioner (Abyss:3)
  8 tengu reavers
  10 shadow dragons
  12 storm dragons
  A daeva (Abyss:3)
  A revenant (Vaults:2)
  A fenstrider witch (shapeshifter) (Depths:2)
  4 fire giants
  4 draconian monks
  6 draconian knights
  A fenstrider witch (Swamp:1)
  An azure jelly (shapeshifter) (Depths:2)
  7 frost giants
  18 vault wardens
  2 iron dragons (Vaults:5)
  10 deep elf elementalists (Elf:3)
  7 emperor scorpions (Spider:4)
  2 draconian shifters
  Aizul (Vaults:4)
  3 imperial myrmidons (Desolation)
  6 draconian scorchers
  A balrug (Zot:5)
  2 ghost moths (shapeshifter)
  11 deep elf sorcerers
  8 ghost moths
  A broodmother (Spider:1)
  6 draconian annihilators
  2 draconian stormcallers
  23 very ugly things
  11 war gargoyles
  5 ironbound thunderhulks
  10 stone giants
  19 ironbound preservers
  A spriggan defender (Depths:3)
  A reaper (Depths:4)
  A vampire knight (Depths:3)
  7 black draconians
  A putrid mouth (Depths:4)
  3 green draconians
  A dire elephant (shapeshifter) (Depths:2)
  6 deep elf annihilators
  6 deep elf demonologists
  8 red draconians
  A halazid warlock (Desolation)
  10 yellow draconians
  3 eleionomae
  3 bunyips
  6 entropy weavers
  12 dire elephants
  11 purple draconians
  7 white draconians
  9 spark wasps
  4 deep elf death magi
  A blizzard demon (Abyss:3)
  A crystal guardian (Desolation)
  8 ettins
  3 fire dragons
  4 jiangshi
  A shambling mangrove (Swamp:2)
  5 deep elf high priests
  2 iron golems (Depths:2)
  An ettin (shapeshifter) (Depths:2)
  6 ragged hierophants (Desolation)
  29 vault guards
  15 yaktaur captains
  A hell beast (Depths:3)
  A rakshasa (Abyss:3)
  6 servants of whispers (Desolation)
  8 peacekeepers
  6 great orbs of eyes
  21 hydras
  A spriggan zombie (Abyss:3)
  5 ogre magi
  5 ice dragons
  A salamander tyrant (Depths:4)
  7 boulder beetles
  4 catoblepae
  10 ironbound frosthearts
  10 centaur warriors
  A jorogumo (Spider:3)
  7 spriggan air magi
  13 alligators
  2 alligators (shapeshifter)
  15 two-headed ogres
  4 deep troll shamans (Depths:3)
  3 radroaches
  Urug (Orc:2)
  A death scarab (Spider:2)
  10 death yaks (Lair:5)
  A death yak (shapeshifter) (Vaults:5)
  6 tengu warriors
  45 dancing weapons
  4 deep troll earth magi
  5 vampire magi
  An orc high priest (Orc:1)
  2 spriggan berserkers
  A hell hog (Depths:4)
  2 thrashing horrors (Abyss:3)
  7 hell knights (Depths:4)
  16 deep elf knights
  7 sun demons
  A skeletal warrior (D:14)
  A soul eater (Depths:4)
  5 iron trolls
  A shadow wraith (Vaults:5)
  3 wretched stars (Abyss:3)
  The ghost of booth the Stinger, a novice DrVM of Ashenzari (D:8)
  7 goliath frogs
  A spatial maelstrom (Abyss:3)
  A sixfirhy (D:13)
  Sonja (D:11)
  8 pharaoh ants
  15 steelbarb worms
  49 deep trolls
  A glowing orange brain (shapeshifter) (Vaults:5)
  Lodul (D:13)
  A death drake (Swamp:3)
  4 large abominations
  9 swamp dragons
  A spriggan druid (Swamp:2)
  4 obsidian statues (Depths:2)
  A shadow demon (Zot:1)
  7 deep elf archers
  8 glowing orange brains
  10 starcursed masses (Abyss:3)
  6 orb spiders
  13 wizards
  4 phantasmal warriors
  A bog body (Lair:3)
  A lindwurm (shapeshifter) (Depths:2)
  19 ironbound convokers
  8 orc knights
  5 harpies (Vaults:5)
  26 deep elf pyromancers
  7 lindwurms
  34 deep elf zephyrmancers
  5 necromancers
  12 oklob plants
  22 wolf spiders
  29 ugly things
  A fire giant skeleton (Vaults:2)
  3 cyclopes
  6 orc sorcerers
  A worldbinder (Abyss:3)
  The ghost of Astronema the Conjurer, a novice FeCj of the Shining One (Orc:1)
  4 will-o-the-wisps
  12 elephants
  34 moths of wrath
  A moth of wrath (shapeshifter) (Depths:3)
  4 salamanders (Depths:4)
  5 manticores
  20 vault sentinels
  An elephant (shapeshifter) (D:15)
  An apocalypse crab (Abyss:3)
  2 rust devils
  5 guardian serpents (Desolation)
  A naga mage (Depths:1)
  20 cane toads
  3 black mambas
  7 smoke demons
  2 torpor snails (Spider:1)
  2 molten gargoyles
  A gargoyle (D:13)
  Maggie (D:7)
  6 orange demons
  5 demonic crawlers
  4 rime drakes
  A yaktaur zombie (Vaults:2)
  An unseen horror (D:12)
  4 freezing wraiths
  12 komodo dragons
  5 efreet
  2 kobold demonologists
  3 tengu conjurers
  2 ice devils
  4 trolls
  37 yaktaurs
  3 ancient zymes (Abyss:3)
  A harpy zombie (Abyss:3)
  A hellwing (Abyss:3)
  A human skeleton (Vaults:2)
  A queen bee (D:10)
  A wind drake (Depths:2)
  A sphinx simulacrum (Vaults:2)
  3 meliai (D:15)
  A wind drake (shapeshifter) (D:14)
  A troll (shapeshifter) (Abyss:3)
  A yaktaur skeleton (Vaults:2)
  A bloated husk (Swamp:2)
  A merfolk (shapeshifter) (Depths:2)
  A wolf spider simulacrum (D:14)
  9 hornets
  3 polar bears
  A polar bear (shapeshifter) (D:14)
  6 tyrant leeches
  2 red devils
  56 saltlings (Desolation)
  26 tarantellas
  Grinder (D:6)
  19 blink frogs
  20 slime creatures
  13 raiju
  A deep troll zombie (Vaults:1)
  A harpy skeleton (Abyss:3)
  A dream sheep (shapeshifter) (Depths:2)
  A jumping spider (shapeshifter) (Elf:2)
  30 jumping spiders
  25 culicivoras
  6 wyverns
  4 spriggans
  A shadow (D:8)
  A centaur simulacrum (D:14)
  74 yaks
  A vampire (D:11)
  5 ynoxinuls
  7 air elementals
  2 yaks (shapeshifter)
  3 wraiths
  11 water elementals
  10 fire elementals
  2 steam dragons (D:11)
  A basilisk (Lair:1)
  5 neqoxecs
  5 golden eyes (D:1)
  17 vampire mosquitoes
  3 chaos spawn
  68 redbacks
  Menkaure (D:7)
  5 wargs
  A glowing shapeshifter zombie (Vaults:1)
  2 swamp worms (shapeshifter)
  17 water moccasins
  3 acid dragons
  A water moccasin (shapeshifter) (D:9)
  17 swamp worms
  4 small abominations (Abyss:3)
  4 hell hounds (Abyss:3)
  9 swamp drakes
  36 orc warriors
  A black bear (Lair:1)
  2 sky beasts
  2 ice beasts (D:5)
  10 ogres
  12 wolves
  16 centaurs
  6 elf zombies (Ossuary)
  8 kobold brigands
  A necrophage (D:7)
  13 bullfrogs
  4 gnoll sergeants
  3 scorpions
  8 earth elementals
  A wight (D:9)
  A hornet simulacrum (D:14)
  22 killer bees
  6 electric eels
  6 howler monkeys
  6 hounds
  4 human zombies
  3 centaur zombies (Ossuary)
  A gnoll bouda (D:6)
  A jelly (D:6)
  20 orc priests
  5 iguanas
  24 orc wizards
  4 hell rats (Lair:2)
  A boggart simulacrum (D:14)
  3 mummies (Ossuary)
  16 adders
  25 gnolls
  A river rat (Sewer)
  A shadow imp (Abyss:3)
  2 white imps (Abyss:3)
  3 ufetubi
  3 worms
  2 dart slugs
  115 orcs
  7 endoplasms
  3 giant cockroaches
  9 goblins
  12 hobgoblins
  10 jackals
  3 quokkas
  9 ball pythons
  14 bats
  2 frilled lizards
  31 kobolds
  11 rats
  3 ball lightnings (Depths:2)
  A briar patch (Swamp:4)
  A plant (Zot:1)
  8 starspawn tentacles (Abyss:3)
2347 creatures vanquished.

Vanquished Creatures (collateral kills)
  A Killer Klown (Zot:5)
  A thorn hunter (Swamp:4)
  2 ironbound preservers (Vaults:1)
  A deep elf annihilator (Elf:3)
  A red draconian (Zot:5)
  A shambling mangrove (Swamp:4)
  A boulder beetle (Spider:3)
  A vault guard (Vaults:5)
  A centaur warrior (Orc:1)
  3 hydras (Swamp:4)
  A deep troll (Vaults:1)
  2 orb spiders
  A deep elf pyromancer (Elf:3)
  A wolf spider (Spider:4)
  A moth of wrath (Zot:5)
  A vault sentinel (Vaults:1)
  2 redbacks (Spider:3)
  A swamp drake (Swamp:4)
  2 electric eels (Spider:1)
  2 briar patches (Swamp:4)
27 creatures vanquished.

Vanquished Creatures (others)
  2 ancient liches (Zot:5)
  A Killer Klown (Zot:5)
  A draconian scorcher (Zot:5)
  A draconian annihilator (Zot:5)
  A black draconian (Zot:5)
  3 purple draconians
  A red draconian (Zot:3)
  2 deep elf knights (Elf:2)
  A deep elf pyromancer (Elf:2)
  4 bloated husks
  A raiju (Abyss:3)
  A water elemental (Elf:2)
  A vampire mosquito (Swamp:2)
  A large abomination (Abyss:3)
  A small abomination (Abyss:3)
  A bullfrog (D:9)
  5 ball lightnings (Depths:2)
  A briar patch (Swamp:4)
  3 demonic plants (D:13)
  21 foxfires
  27 fungi
  119 plants
  6 starspawn tentacles (Abyss:3)
205 creatures vanquished.

Grand Total: 2579 creatures vanquished

Notes
Turn   | Place    | Note
-------+----------+-------------------------------------------
     0 | D:1      | Wentworth the Minotaur Fighter began the quest for the Orb.
     0 | D:1      | Reached XP level 1. HP: 19/19 MP: 0/0
   121 | D:1      | Reached XP level 2. HP: 20/27 MP: 1/1
   243 | D:1      | Found Yku Fiar's General Store.
   423 | D:1      | Reached XP level 3. HP: 33/33 MP: 2/2
   906 | D:2      | Found Ecal's Magic Scroll Shoppe.
   963 | D:2      | Reached XP level 4. HP: 31/40 MP: 3/3
  1601 | D:2      | Reached XP level 5. HP: 47/47 MP: 4/4
  2503 | D:4      | Found a staircase to the Ecumenical Temple.
  2520 | D:4      | Reached skill level 5 in Axes
  2520 | D:4      | Reached skill level 5 in Armour
  2548 | D:4      | Reached XP level 6. HP: 39/53 MP: 5/5
  2628 | D:4      | Found a glowing drain.
  2656 | Sewer    | Entered a sewer
  2849 | Sewer    | Reached skill level 5 in Fighting
  3358 | Temple   | Entered the Ecumenical Temple
  3428 | Temple   | Became a worshipper of Trog the Wrathful
  3868 | D:5      | Entered Level 5 of the Dungeon
  3868 | D:5      | Noticed an ice beast
  3874 | D:5      | Killed an ice beast
  3875 | D:5      | Reached skill level 5 in Shields
  3875 | D:5      | Reached XP level 7. HP: 46/61 MP: 6/6
  4400 | D:5      | Found a shimmering blue altar of Sif Muna.
  4615 | D:6      | Noticed Grinder
  4628 | D:6      | Killed Grinder
  4629 | D:6      | Reached skill level 1 in Dodging
  4629 | D:6      | Reached XP level 8. HP: 46/70 MP: 7/7
  4884 | D:6      | Reached * piety under Trog
  4963 | D:6      | Found a shadowy altar of Dithmenos.
  5415 | D:7      | Noticed Menkaure
  5420 | D:7      | Killed Menkaure
  5709 | D:7      | Reached skill level 10 in Axes
  5709 | D:7      | Reached XP level 9. HP: 52/79 MP: 8/8
  5878 | D:7      | Noticed Maggie
  5898 | D:7      | Killed Maggie
  6533 | D:8      | Reached ** piety under Trog
  6596 | D:8      | Found a sand-covered staircase.
  6613 | Ossuary  | Entered an ossuary
  6965 | Ossuary  | Reached XP level 10. HP: 86/86 MP: 9/9
  7292 | D:8      | Reached *** piety under Trog
  7428 | D:8      | Found a runed translucent gate.
  7428 | D:8      | Found a runed translucent gate.
  7429 | D:8      | Found a runed translucent gate.
  7430 | D:8      | Noticed booth's ghost (novice DrVM)
  7459 | D:8      | Killed booth's ghost
  7480 | D:8      | Gained mutation: You are somewhat resistant to further
                  | mutation. [potion of mutation]
  7480 | D:8      | Gained mutation: Your flesh is heat resistant. (rF+)
                  | [potion of mutation]
  8133 | D:9      | Found a glowing silver altar of Zin.
  8137 | D:9      | Found an opulent altar of Gozag.
  8238 | D:9      | Noticed a cyclops
  8243 | D:9      | Noticed a manticore
  8257 | D:9      | Killed a cyclops
  8259 | D:9      | Killed a manticore
  8416 | D:9      | Reached XP level 11. HP: 55/91 MP: 10/10
  8772 | D:9      | Noticed a two-headed ogre
  8789 | D:9      | Killed a two-headed ogre
  8996 | D:9      | Found a glowing golden altar of the Shining One.
  9153 | D:9      | Reached **** piety under Trog
  9351 | D:10     | Entered Level 10 of the Dungeon
  9640 | D:10     | Found a portal to a secret trove of treasure.
  9703 | D:10     | Noticed an oklob plant
  9714 | D:10     | Found a staircase to the Lair.
  9740 | D:10     | Killed an oklob plant
  9741 | D:10     | Reached skill level 10 in Armour
  9741 | D:10     | Reached skill level 10 in Shields
  9999 | D:10     | Reached skill level 15 in Axes
 10545 | D:11     | Noticed a green ugly thing
 10555 | D:11     | Killed a green ugly thing
 10619 | D:11     | Noticed Sonja
 10634 | D:11     | Killed Sonja
 10860 | D:11     | Noticed a two-headed ogre
 10868 | D:11     | Killed a two-headed ogre
 10869 | D:11     | Reached skill level 10 in Fighting
 10994 | D:11     | Reached ***** piety under Trog
 11000 | D:11     | Found a staircase to the Orcish Mines.
 11179 | D:11     | Reached XP level 12. HP: 102/106 MP: 11/11
 12067 | D:12     | Noticed a seven-headed hydra
 12076 | D:12     | Killed a four-headed hydra
 12457 | D:12     | Noticed Jorgrun
 12472 | D:12     | Killed Jorgrun
 12656 | Orc:1    | Entered Level 1 of the Orcish Mines
 12718 | Orc:1    | Paralysed by an orc sorcerer for 4 turns
 12728 | Orc:1    | Paralysed by an orc sorcerer for 2 turns
 12731 | Orc:1    | Noticed an orc high priest
 12743 | Orc:1    | Killed an orc high priest
 12811 | Orc:1    | Noticed an ettin
 12823 | Orc:1    | Killed an ettin
 12921 | Orc:1    | Found Sujuif's Distillery.
 12923 | Orc:1    | Found Rinn's Antique Armour Shoppe.
 12923 | Orc:1    | Found Kolioval's Armour Boutique.
 13371 | Orc:1    | Found a runed translucent gate.
 13371 | Orc:1    | Found a runed translucent gate.
 13371 | Orc:1    | Found a runed translucent gate.
 13371 | Orc:1    | Noticed a tengu warrior
 13371 | Orc:1    | Noticed a tengu warrior
 13371 | Orc:1    | Noticed a centaur warrior
 13372 | Orc:1    | Noticed Astronema's ghost (novice FeCj)
 13372 | Orc:1    | Noticed a centaur warrior
 13377 | Orc:1    | Noticed a centaur warrior
 13462 | Orc:1    | Found an iron altar of Okawaru.
 13477 | Orc:2    | Entered Level 2 of the Orcish Mines
 13683 | Orc:2    | Noticed Urug
 13697 | Orc:2    | Received a gift from Trog
 13707 | Orc:2    | Killed Urug
 14129 | D:1      | Bought the +8 war axe "Peepul" {venom, rPois rF+ rCorr
                  | SInv} for 866 gold pieces
 14132 | D:1      | Bought a scroll of blinking for 90 gold pieces
 14178 | D:2      | Bought a scroll of identify for 24 gold pieces
 14178 | D:2      | Bought a scroll of teleportation for 36 gold pieces
 14387 | Orc:2    | Found Mampiahu's Weapon Boutique.
 14393 | Orc:2    | Found Ycaveod's Book Emporium.
 14505 | Orc:2    | Paralysed by an orc sorcerer for 3 turns
 14597 | Orc:2    | Found Wogeax's Magic Scroll Shoppe.
 14619 | Orc:2    | Bought a scroll of fear for 56 gold pieces
 14619 | Orc:2    | Bought a scroll of immolation for 56 gold pieces
 14620 | Orc:2    | Found a staircase to the Elven Halls.
 14654 | Orc:2    | Reached XP level 13. HP: 112/117 MP: 12/12
 14723 | Orc:2    | Found Vinguetz's Magic Scroll Boutique.
 14735 | Orc:2    | Noticed Saint Roka
 15079 | Orc:2    | Found Laegepsar's Antique Armour Emporium.
 15142 | Orc:2    | Found Zunk's Antique Weapon Shoppe.
 15257 | Orc:2    | Found Doirevvust's Book Shop.
 15346 | Orc:2    | Killed Saint Roka
 15370 | Orc:2    | Received a gift from Trog
 15763 | Orc:2    | Found Nedeckag's Antique Weapon Shoppe.
 15769 | Orc:2    | Found Allosch's Antique Armour Emporium.
 15892 | Orc:1    | Bought a potion of heal wounds for 85 gold pieces
 15932 | Orc:1    | Reached skill level 1 in Evocations
 15932 | Orc:1    | Reached XP level 14. HP: 129/129 MP: 13/13
 16458 | Orc:1    | Killed Astronema's ghost
 16497 | Orc:1    | Identified the +9 morningstar "Gumeis" {vorpal, *Corrode
                  | rPois rN+ Int+3}
 16704 | Lair:1   | Entered Level 1 of the Lair of Beasts
 16801 | Lair:1   | Identified the +3 ring mail of Satisfaction {rPois SInv
                  | Stlth-}
 17553 | Lair:2   | Reached ****** piety under Trog
 17919 | Lair:2   | Identified a scroll of acquirement
 17920 | Lair:2   | Acquired 991 gold pieces
 17980 | Lair:2   | Identified the +2 halberd "Xefoser" {vorpal, rElec Str+2
                  | Dex+2 SInv} (Trog gifted it to you on level 2 of the Lair
                  | of Beasts)
 17980 | Lair:2   | Received a gift from Trog
 18575 | Lair:3   | Reached XP level 15. HP: 139/139 MP: 14/14
 18870 | Lair:3   | Found a hole to the Spider Nest.
 19009 | Lair:3   | Found a staircase to the Swamp.
 19617 | Lair:4   | Reached skill level 15 in Shields
 19619 | Lair:4   | Reached skill level 15 in Fighting
 19900 | Lair:4   | Found a staircase to the Slime Pits.
 19916 | Lair:4   | You fall into a shaft and drop 1 floor!
 19916 | Lair:5   | Entered Level 5 of the Lair of Beasts
 20427 | Orc:2    | Bought fading gold dragon scales for 1615 gold pieces
 20427 | Orc:2    | Identified the +12 gold dragon scales "Wokop" {*Corrode
                  | rPois rF+ rC+ Str+2 Dex+3 Slay+3} (You bought it in a shop
                  | on level 2 of the Orcish Mines)
 21103 | Lair:5   | Received a gift from Trog
 21298 | Lair:5   | Identified the ring "Xaoxirgh" {Ice +Blink rPois Int+4}
 22054 | Orc:2    | Bought a polished cloak for 180 gold pieces
 22054 | Orc:2    | Identified the +1 cloak of the Jolly Interlopers {rPois
                  | MP+9} (You bought it in a shop on level 2 of the Orcish
                  | Mines)
 22223 | D:10     | You paid a toll of 11 potions of heal wounds to enter a
                  | treasure trove
 22224 | Trove    | Entered a treasure trove
 22226 | Trove    | Found the +14 obsidian axe {vorpal, Mesm Drain Fly SInv}
 22227 | Trove    | Found the +8 arc blade {discharge, rElec}
 22232 | Trove    | Identified the +6 executioner's axe of Xalouss {freeze,
                  | SInv}
 22234 | Trove    | Identified the +9 broad axe of Gabramun {vorpal, rC+ rN+}
 22240 | Trove    | Identified the +7 rapier of Impermanence {speed, Will-
                  | rCorr Dex+6}
 22248 | Trove    | Identified the +5 broad axe of Valuable Assets {vamp,
                  | Str+4}
 22258 | Trove    | Identified the +7 broad axe of Manu {holy, Dex+3}
 22551 | D:13     | Noticed Lodul
 22555 | D:13     | Killed Lodul
 22662 | D:13     | Reached XP level 16. HP: 151/151 MP: 15/15
 22784 | D:13     | Found Vilonwae's Book Boutique.
 23397 | D:14     | Received a gift from Trog
 23470 | D:14     | Found a gate to the Vaults.
 23486 | D:14     | Reached skill level 15 in Armour
 24211 | D:15     | Entered Level 15 of the Dungeon
 24705 | D:15     | Found a staircase to the Depths.
 24873 | D:15     | Noticed Agnes
 24882 | D:15     | Killed Agnes
 25404 | D:15     | Found a broken altar of Ashenzari.
 25406 | D:15     | Found a glowing golden altar of the Shining One.
 25406 | D:15     | Found a shimmering altar of Xom.
 25408 | D:15     | Found a shimmering altar of Xom.
 25408 | D:15     | Found an ancient bone altar of Kikubaaqudgha.
 25408 | D:15     | Found an opulent altar of Gozag.
 25832 | Spider:1 | Entered Level 1 of the Spider Nest
 25882 | Spider:1 | Received a gift from Trog
 27037 | Spider:2 | Reached XP level 17. HP: 163/163 MP: 16/16
 27324 | Spider:3 | Received a gift from Trog
 28946 | Spider:4 | Entered Level 4 of the Spider Nest
 29157 | Spider:4 | Received a gift from Trog
 29637 | Spider:4 | Got a gossamer rune of Zot
 30041 | Swamp:1  | Entered Level 1 of the Swamp
 30054 | Swamp:1  | Identified the +5 ring mail of Hofuino {Drain Str+5 Int-4
                  | Dex+3}
 30248 | Swamp:1  | Reached XP level 18. HP: 176/176 MP: 17/17
 30894 | Swamp:2  | Received a gift from Trog
 31427 | Swamp:2  | Identified the +0 chain mail "Ceir" {+Inv}
 31842 | Swamp:3  | Identified the +12 war axe "Tuomafue" {vorpal, rElec} (Trog
                  | gifted it to you on level 3 of the Swamp)
 31842 | Swamp:3  | Received a gift from Trog
 32090 | Swamp:4  | Entered Level 4 of the Swamp
 32397 | Swamp:4  | Got a decaying rune of Zot
 33063 | Orc:2    | Bought a scroll of enchant weapon for 90 gold pieces
 33086 | Orc:2    | Bought a scroll of enchant weapon for 105 gold pieces
 33086 | Orc:2    | Bought 2 scrolls of enchant weapon for 210 gold pieces
 33272 | Vaults:1 | Entered Level 1 of the Vaults
 33358 | Vaults:1 | Received a gift from Trog
 33708 | Vaults:1 | Reached XP level 19. HP: 161/185 MP: 18/18
 34219 | Vaults:1 | Received a gift from Trog
 34691 | Vaults:2 | Noticed christhawk's ghost (adept MiHu)
 34696 | Vaults:2 | Found a transporter.
 34702 | Vaults:2 | Identified the ring of Impatience {rC+ MP+9 Dex+4}
 34702 | Vaults:2 | Noticed Faydane's ghost (veteran HuFi)
 34704 | Vaults:2 | Noticed an ancient lich
 34705 | Vaults:2 | Found a transporter.
 34707 | Vaults:2 | Noticed a golden dragon
 34750 | Vaults:2 | Killed an ancient lich
 34753 | Vaults:2 | Killed a golden dragon
 34765 | Vaults:2 | Killed Faydane's ghost
 34791 | Vaults:2 | Killed christhawk's ghost
 35192 | Vaults:2 | Identified the ring of the Heavens {Drain Will+ rCorr Str+4
                  | Dex+6}
 35465 | Vaults:2 | Found a staircase to the Crypt.
 36264 | Vaults:2 | Received a gift from Trog
 36988 | Vaults:3 | Found Limolori's Distillery.
 37016 | Vaults:3 | Bought a potion of heal wounds for 75 gold pieces
 37016 | Vaults:3 | Bought a potion of heal wounds for 75 gold pieces
 37137 | Vaults:3 | Identified the +2 buckler of Mezcal {+Inv rC+ Will++ Dex-3}
 37190 | Vaults:3 | Acquired the +3 pair of seven-league boots {Rampage+∞}
 37190 | Vaults:3 | Found the +3 pair of seven-league boots {Rampage+∞}
 37366 | Vaults:3 | Noticed Xtahua
 37382 | Vaults:3 | Killed Xtahua
 37383 | Vaults:3 | Reached XP level 20. HP: 138/199 MP: 19/19
 37751 | Vaults:3 | Received a gift from Trog
 38578 | Vaults:4 | Found a flickering gateway to a bazaar.
 38601 | Bazaar   | Entered a bazaar
 38601 | Bazaar   | Found Wezxedimp's Armour Emporium.
 38601 | Bazaar   | Found Vesm's Antique Armour Shoppe.
 38601 | Bazaar   | Found Egryr Pike's Magic Scroll Shoppe.
 38601 | Bazaar   | Found Bessemen's Jewellery Emporium.
 38601 | Bazaar   | Found Ugrin's Book Emporium.
 38619 | Bazaar   | Bought a scroll of magic mapping for 120 gold pieces
 38619 | Bazaar   | Bought a scroll of butterflies for 64 gold pieces
 38619 | Bazaar   | Bought a scroll of blinking for 120 gold pieces
 38619 | Bazaar   | Bought a scroll of butterflies for 64 gold pieces
 38627 | Bazaar   | Bought the +0 mask of the Dragon {Will+ Slay+3 SInv} for
                  | 935 gold pieces
 38627 | Bazaar   | Found the +0 mask of the Dragon {Will+ Slay+3 SInv}
 38667 | Vaults:4 | Found a crumbling gateway.
 38692 | Desolati | Entered the Desolation of Salt
 38729 | Desolati | Received a gift from Trog
 39160 | Desolati | Identified the ring "Sioto" {rC+ EV+4 Str-5 Dex+2}
 39173 | Desolati | Identified the ring of Xootsy {rPois rF+ rC+}
 39280 | Desolati | Identified the +11 plate armour "Rylifess" {Drain rF+ Will+
                  | Dex+4}
 39290 | Desolati | Identified the +9 spear of Doaschu {vorpal, rC+ MP-9 SInv}
 39376 | Desolati | Received a gift from Trog
 40349 | Vaults:4 | Noticed Mennas
 40860 | Vaults:4 | Reached XP level 21. HP: 200/211 MP: 9/20
 41111 | Vaults:4 | Killed Mennas
 41292 | Vaults:4 | Noticed Aizul
 41298 | Vaults:4 | Killed Aizul
 41731 | Elf:1    | Entered Level 1 of the Elven Halls
 41983 | Elf:1    | Found Mifos's Assorted Antiques.
 41984 | Elf:1    | Found Zerim's Assorted Antiques.
 41984 | Elf:1    | Found Dimewuest's Distillery.
 41989 | Elf:1    | Found Ziemmoer's Distillery.
 42048 | Elf:1    | Received a gift from Trog
 42097 | Elf:1    | Found Marhiezy's Weapon Boutique.
 42363 | Elf:1    | Identified the +3 ring mail of Bexkat {+Blink Regen+ Int+4}
 42753 | Elf:2    | Paralysed by an air elemental for 1 turns
 42939 | Elf:2    | Received a gift from Trog
 43010 | Elf:2    | Found a runed translucent gate.
 43011 | Elf:2    | Found a runed translucent gate.
 43011 | Elf:2    | Found a runed translucent gate.
 43091 | Elf:2    | Paralysed by a floating eye for 3 turns
 43241 | Elf:2    | Noticed Nikola
 43246 | Elf:2    | Killed Nikola
 43575 | Elf:2    | Received a gift from Trog
 43856 | Elf:3    | Entered Level 3 of the Elven Halls
 44008 | Elf:3    | Found Lorhomm's Book Emporium.
 44146 | Elf:3    | Found Xibbao's Book Emporium.
 44429 | Elf:3    | Identified the +10 eveningstar "Erut" {flame, +Blink rF+
                  | Int+5 Stlth+}
 44446 | Elf:3    | Received a gift from Trog
 44579 | Elf:3    | Identified the amulet "Laere" {RegenMP rF++ Int+3}
 44584 | Elf:3    | Reached XP level 22. HP: 57/224 MP: 10/21
 44684 | Elf:3    | Identified the ring of Fyofekik {rPois Will+ MP+9 Stlth-}
 44921 | Elf:3    | Identified the +3 chain mail of Kete {-Tele rElec rCorr}
 44929 | Elf:3    | Identified the +7 dagger of Dithmenos's Outrage {drain,
                  | *Slow rElec Int+4}
 44937 | Elf:3    | Identified the +6 broad axe of Texifum {pain, Drain rPois
                  | Dex+3}
 45079 | Elf:3    | Found Faafo's Assorted Antiques.
 45720 | Vaults:5 | Entered Level 5 of the Vaults
 45720 | Vaults:5 | Noticed a golden dragon
 45727 | Vaults:5 | Received a gift from Trog
 45737 | Vaults:4 | Killed a golden dragon
 46027 | Vaults:5 | Noticed a dread lich
 46035 | Vaults:5 | Killed a dread lich
 46036 | Vaults:5 | Noticed an ancient lich
 46036 | Vaults:5 | Noticed an ancient lich
 46049 | Vaults:5 | Killed an ancient lich
 46051 | Vaults:5 | Killed an ancient lich
 46058 | Vaults:5 | Noticed an ancient lich
 46394 | Vaults:5 | Killed an ancient lich
 46395 | Vaults:5 | Reached skill level 27 in Axes
 46398 | Vaults:5 | Identified the +2 double sword "Evumadeh" {flame, Dex+4}
                  | (Trog gifted it to you on level 5 of the Vaults)
 46398 | Vaults:5 | Received a gift from Trog
 46772 | Vaults:5 | Identified the +9 trident "Onar" {spect, Will+ Int+2 Dex+2}
 46797 | Vaults:5 | Received a gift from Trog
 46825 | Vaults:5 | Noticed a dread lich
 46830 | Vaults:5 | Killed a dread lich
 46965 | Vaults:5 | Identified the +5 halberd of Kymewoah {vorpal, rPois rC+}
 46969 | Vaults:5 | Reached XP level 23. HP: 184/236 MP: 10/22
 47491 | Vaults:5 | Identified the +6 scale mail of Sif Muna {rElec Stlth+}
 47519 | Vaults:5 | Noticed a dread lich
 47531 | Vaults:5 | Killed a dread lich
 47879 | Vaults:5 | Found the +7 lajatang of Order {silver, rMut}
 48108 | Vaults:5 | Got a silver rune of Zot
 48767 | Vaults:5 | Identified the +4 longbow "Kuodup" {venom, rF+}
 49269 | Depths:1 | Entered Level 1 of the Depths
 49342 | Depths:1 | Found a one-way gateway to a ziggurat.
 49394 | Depths:1 | Identified the +0 hat "Impig" {-Cast rElec rPois rC+}
 49403 | Depths:1 | Found a radiant altar of Vehumet.
 49426 | Depths:1 | Found the +2 hood of the Assassin {Detection Stab+ Stlth++}
 49430 | Depths:1 | Identified the +1 robe of Keggos {Regen+ Str+4 Dex+3}
 49603 | Depths:1 | Found a one-way gate to the infinite horrors of the Abyss.
 49669 | Depths:1 | Found a gateway to Hell.
 50113 | Depths:2 | Paralysed by an air elemental for 1 turns
 50123 | Depths:2 | Received a gift from Trog
 50142 | Depths:2 | Paralysed by an air elemental for 1 turns
 50249 | Depths:2 | Reached skill level 27 in Fighting
 50380 | Depths:2 | Noticed Mara
 50397 | Depths:2 | Killed Mara
 50427 | Depths:2 | Noticed a shard shrike
 50427 | Depths:2 | a rockslime changed into a shard shrike
 50432 | Depths:2 | Killed a shard shrike
 50441 | Depths:2 | Paralysed by an air elemental for 1 turns
 50664 | Depths:2 | Paralysed by an air elemental for 1 turns
 51038 | Depths:2 | Received a gift from Trog
 51169 | Depths:2 | Paralysed by an air elemental for 1 turns
 51188 | Depths:2 | Noticed Asterion
 51198 | Depths:2 | Killed Asterion
 51300 | Depths:2 | Found a one-way gate leading to the halls of Pandemonium.
 51404 | Depths:2 | Identified the +1 scale mail of the Swan {rElec}
 52363 | Depths:3 | Noticed Vv
 52369 | Depths:3 | Killed Vv
 52704 | Depths:3 | Found a runed translucent door.
 52705 | Depths:3 | Found a shimmering altar of Xom.
 52705 | Depths:3 | Noticed Geent's ghost (adept DgCj)
 52724 | Depths:3 | Killed Geent's ghost
 52981 | Depths:3 | Reached XP level 24. HP: 191/249 MP: 10/22
 53139 | Depths:3 | Acquired the +2 cloak of the Wilderness {Str+4}
 53156 | Depths:3 | Acquired a manual of Polearms
 53221 | Depths:3 | Received a gift from Trog
 53566 | Depths:3 | Identified the amulet "Urhoil" {Acrobat Will+ rCorr Str+3
                  | Dex+2}
 53949 | Depths:3 | Identified the ring "Weir" {rPois Int+6}
 54098 | Depths:3 | Reached skill level 27 in Shields
 54138 | Depths:3 | You fall into a shaft and drop 1 floor!
 54138 | Depths:4 | Entered Level 4 of the Depths
 54192 | Abyss:3  | Cast into level 3 of the Abyss (purple draconian)
 54327 | Abyss:3  | Found a corrupted altar of Lugonu.
 54453 | Abyss:3  | Received a gift from Trog
 54661 | Abyss:3  | Found a corrupted altar of Lugonu.
 54677 | Abyss:3  | Got an abyssal rune of Zot
 55029 | Depths:4 | Escaped the Abyss
 55049 | Depths:4 | Received a gift from Trog
 55648 | Depths:4 | Found a gate to the Realm of Zot.
 56177 | Depths:4 | Noticed a juggernaut
 56186 | Depths:4 | Killed a juggernaut
 56260 | Depths:4 | Noticed Grunn
 56282 | Depths:4 | Killed Grunn
 57222 | Zot:1    | Entered Level 1 of the Realm of Zot
 58480 | Zot:1    | Reached skill level 5 in Dodging
 58481 | Zot:1    | Received a gift from Trog
 59877 | Zot:2    | Reached XP level 25. HP: 249/250 MP: 7/22
 60567 | Zot:2    | Reached skill level 27 in Armour
 60675 | Zot:2    | Reached skill level 5 in Throwing
 61906 | Zot:3    | Received a gift from Trog
 63527 | Zot:5    | Entered Level 5 of the Realm of Zot
 63596 | Zot:5    | Reached skill level 10 in Dodging
 64257 | Zot:5    | Identified the +9 broad axe of Trog's Esteem {vorpal, rC+}
                  | (Trog gifted it to you on level 5 of the Realm of Zot)
 64257 | Zot:5    | Received a gift from Trog
 64638 | Zot:5    | Identified the +2 helmet of the Merchant {rPois Will+++
                  | Int-5 SInv}
 64645 | Zot:5    | Noticed an ancient lich
 64655 | Zot:5    | Killed an ancient lich
 64668 | Zot:5    | Noticed a Killer Klown
 64673 | Zot:5    | Noticed a Killer Klown
 64686 | Zot:5    | Noticed an ancient lich
 64704 | Zot:5    | Killed an ancient lich
 64932 | Zot:5    | Reached skill level 10 in Throwing
 65085 | Zot:5    | Killed a Killer Klown
 65088 | Zot:5    | Killed a Killer Klown
 65132 | Zot:5    | Noticed an orb of fire
 65134 | Zot:5    | Gained mutation: You occasionally lose the ability to drink
                  | potions when taking damage. [an orb of fire]
 65147 | Zot:5    | Killed an orb of fire
 65200 | Zot:5    | Reached XP level 26. HP: 266/266 MP: 7/22
 65213 | Zot:5    | Noticed an orb of fire
 65221 | Zot:5    | Noticed an orb of fire
 65224 | Zot:5    | Noticed an ancient lich
 65226 | Zot:5    | Gained mutation: You occasionally lose the ability to read
                  | scrolls when taking damage. [an orb of fire]
 65231 | Zot:5    | Noticed an ancient lich
 65239 | Zot:5    | Gained mutation: Armour fits poorly on your strangely
                  | shaped body. [an orb of fire]
 65245 | Zot:5    | Noticed an ancient lich
 65251 | Zot:5    | Noticed an ancient lich
 65253 | Zot:5    | Noticed a dread lich
 65256 | Zot:5    | Killed an ancient lich
 65259 | Zot:5    | HP: 11/266 [twister/vortex[a Zot trap] (6)]
 65261 | Zot:5    | Killed an ancient lich
 65267 | Zot:5    | Killed an ancient lich
 65275 | Zot:5    | Gained mutation: You are dopey. (Int -2) [an orb of fire]
 65785 | Zot:5    | Killed an orb of fire
 65792 | Zot:5    | Lost mutation: You occasionally lose the ability to read
                  | scrolls when taking damage. [potion of mutation]
 65792 | Zot:5    | Lost mutation: You are somewhat resistant to further
                  | mutation. [potion of mutation]
 65792 | Zot:5    | Gained mutation: You occasionally lose the ability to read
                  | scrolls when taking damage. [potion of mutation]
 65792 | Zot:5    | Gained mutation: You sometimes lose the ability to drink
                  | potions when taking damage. [potion of mutation]
 65793 | Zot:5    | Lost mutation: You sometimes lose the ability to drink
                  | potions when taking damage. [potion of mutation]
 65793 | Zot:5    | Lost mutation: You are dopey. (Int -2) [potion of mutation]
 65793 | Zot:5    | Gained mutation: You are somewhat resistant to further
                  | mutation. [potion of mutation]
 65794 | Zot:5    | Lost mutation: You occasionally lose the ability to drink
                  | potions when taking damage. [potion of mutation]
 65794 | Zot:5    | Lost mutation: You occasionally lose the ability to read
                  | scrolls when taking damage. [potion of mutation]
 65794 | Zot:5    | Gained mutation: You are covered in fur. (AC +1) [potion of
                  | mutation]
 65832 | Zot:5    | Killed a dread lich
 65843 | Zot:5    | Killed an ancient lich
 66115 | Zot:5    | Killed an orb of fire
 66396 | Zot:5    | Got the Orb of Zot
 66687 | Depths:3 | Noticed Sacusa the pandemonium lord
 66703 | Depths:3 | Killed Sacusa the pandemonium lord
 66703 | Depths:3 | Received a gift from Trog
 66968 | D:11     | Noticed Gity the pandemonium lord
 66980 | D:11     | Killed Gity the pandemonium lord
 67226 | D:$      | Escaped with the Orb!

Illustrated notes

Levels and vault maps discovered:
D:1:      shiori_shiawase, layout_loops_cross, serial_shops,
          nicolae_shop_behind_doors
D:2:      layout_loops_cross, serial_shops, nicolae_lakefront_shop,
          nrook_mini_vaults, lightli_corner_chamber
D:3:      layout_loops_ring
D:4:      layout_basic, temple_pool_b, cheibrodos_sewer_entry_bend
D:5:      layout_cave_pools, mainiacjoe_overflow_24_doors, serial_glass,
          glass_columns_a, glass_columns_b
D:6:      layout_loops_cross, mainiacjoe_overflow_alcove_4, minmay_door_square,
          uniq_grinder
D:7:      layout_gridville, water_boxes_lemuel, uniq_maggie, uniq_menkaure
D:8:      layout_loops_ring, nicolae_ossuary_entry_plus,
          gammafunk_ghost_spectres, kennysheep_big_empty_room
D:9:      layout_cave_pools, grunt_temple_overflow_gold_and_silver, tso_altar,
          minmay_fractal_squares_gapless_7
D:10:     cheibrodos_helix_gallery, layout_cross, dpeg_oklobed_lair,
          nicolae_trove_entry_diagonal, kennysheep_cluttered_room,
          nicolae_looking_at_the_future
D:11:     cheibrodos_steamvent, layout_irregular_city, david_orc_5, uniq_sonja
D:12:     layout_long_grid, uniq_jorgrun
D:13:     layout_basic, serial_demonic, serial_demonic_a, serial_demonic_f,
          serial_demonic_a, serial_demonic_c, serial_shops, shop, uniq_lodul
D:14:     layout_grid_maze, skrybe_vaults_entry_preservation, abandoned_shop,
          minmay_crystal_water
D:15:     grunt_enter_depths_giant_problem, layout_stronghold,
          doesnt_xom_only_xom, uniq_agnes
Temple:   bh_familiar_temple
Lair:1:   layout_small_grid, grunt_megastairs_5
Lair:2:   layout_concentric_octagons
Lair:3:   cheibrodos_lair_overgrown_chateau, layout_regular_city,
          skrybe_swamp_entry_bodies, spider_nest_entry_web_field,
          infiniplex_staircase_pool
Lair:4:   layout_loops_ring, slime_entry_1, roderic_batcave, grunt_megastairs_1,
          lemuel_fruit_fields
Lair:5:   evilmike_catoblepas_cave, layout_layer_cave, st_stairs_7,
          serial_bayou_lagoon_a
Swamp:1:  layout_basic_swamp, nicolae_swamp_oxbows
Swamp:2:  layout_basic_swamp, evilmike_swamp_ruin_house_1, swamp_pool1,
          nicolae_swamp_big_swirl
Swamp:3:  layout_basic_swamp, nicolae_swamp_treefoil
Swamp:4:  swamp, layout_basic_swamp
Spider:1: layout_spider_delve, drop_trap, nicolae_spider_bzzzt
Spider:2: nicolae_spider_mines_1
Spider:3: layout_cave_pods, hangedman_spider_mandibles,
          nicolae_spider_webs_and_nodes, drop_trap, nicolae_spider_eight_legs
Spider:4: grunt_spider_rune_circles
Orc:1:    cheibrodos_orc_bank, layout_caves, gammafunk_ghost_fury_of_okawaru,
          guppyfry_orc_lava_fort
Orc:2:    grunt_orc_community_town_hall, layout_diamond_mine,
          grunt_orc_community_big_house_1, grunt_orc_community_big_house_1,
          grunt_orc_community_house_2, grunt_orc_community_house_2,
          grunt_orc_community_house_2, grunt_orc_community_house_3,
          grunt_orc_community_house_1, serial_shops, shop, shop,
          nicolae_shop_advertising_works [nicolae_subvault_shop_adworks],
          nicolae_lakefront_shop, shop, uniq_urug, uniq_saint_roka
Elf:1:    nicolae_elf_arrival_no_cutting_in_line, layout_geoelf_octagon,
          serial_shops, nicolae_diamond_shop, minmay_elf_sorcery,
          minmay_shoptagon
Elf:2:    nicolae_elf_blades_crystal_corner, layout_loops_corners, uniq_nikola
Elf:3:    minmay_elf_hall_x, layout_loops_ring, serial_shops,
          nicolae_shop_behind_doors, shop, nicolae_shop_behind_doors,
          serial_sigils_hangedman_clutch
Vaults:1: hangedman_vaults_locks, dpeg_vaults_monster_box, vaults_room_hallway,
          st_squares, vaults_mumra_minichess, v_misc_26, vaults_mumra_lcd,
          grunt_vaults_funnel, v_misc_28, layout_vaults_maze_snakey
Vaults:2: nzn_ghost_randoct, grunt_vaults_diagonal,
          nicolae_vaults_circle_grid_b, hangedman_vaults_trim, v_misc_1,
          vaults_room_door_ring, minmay_crypt_entry_simple_walls,
          nicolae_vaults_big_angled_halls, vaults_room_corners,
          nicolae_vaults_little_squares_5, vaults_room_grid,
          hangedman_vaults_cutoff, v_alt_pattern_6, dpeg_vaults_monster_row,
          nicolae_vaults_rhombus_7, layout_vaults_big_cross
Vaults:3: v_alt_pattern_2, nicolae_vaults_little_squares_1,
          vaults_room_door_hall, nicolae_vaults_diagonal_hallway_8,
          grunt_vaults_focal, nicolae_vaults_alarming, ontoclasm_vaults_idyll,
          nicolae_vaults_mini_display_case, vaults_dpeg_ring,
          layout_vaults_quadrants, serial_shops, nicolae_shop_behind_doors,
          uniq_xtahua
Vaults:4: portal_desolation_entry_twin_temple, hangedman_vaults_snaps,
          st_spiral_rooms, ontoclasm_vaults_claustrophobia,
          nicolae_vaults_little_squares_3, nicolae_vaults_hallways_thing,
          v_rooms_4, hangedman_vaults_nodes, v_misc_9,
          nicolae_vaults_little_squares_5, nicolae_vaults_circle_grid_a,
          v_misc_33, layout_vaults_ring, serial_shops, bzr_entry_islet,
          uniq_mennas, uniq_aizul
Vaults:5
Depths:1: layout_honeycomb, enter_ziggurat_f, abyss_entry, hell_entry,
          serial_glass, glass_columns_b, glass_columns_c, glass_columns_a,
          glass_columns_b, glass_columns_a, grunt_tower_of_power
Depths:2: radiant_caverns_b_rkd, hell_entry, pan_entry, abyss_entry,
          uniq_asterion, uniq_mara
Depths:3: minmay_the_grid_4x2 [minmay_the_grid_stretched_grid,
          minmay_the_grid_empty, minmay_the_grid_eight,
          minmay_the_grid_medium_cups, minmay_the_grid_fan,
          minmay_the_grid_broken_lines, minmay_the_grid_airy,
          minmay_the_grid_prize_shrinking_boxes], layout_basic,
          minmay_misc_feat_chi, ebering_ghost_xom, pf_hell_entry_great_geh,
          rand_demon_pan_entry_1, abyss_entry_glasseish,
          hangedman_abyss_or_decor_stagger, grunt_ministairs_11,
          kennysheep_generic_room_12, infiniplex_staircase_zigzag_1, uniq_jory,
          uniq_vv
Depths:4: grunt_zot_entry_alcove, layout_honeycomb,
          hangedman_abyss_or_decor_slice, hellmouth_1, uniq_grunn
Zot:1:    grunt_zot_stairs_overgrown, layout_cathedral_of_symmetry
Zot:2:    layout_onion_interference, zot_minivault_4
Zot:3:    layout_twisted_circle
Zot:4:    lemuel_draconian_sentries_small, layout_onion_interference,
          st_stairs_10
Zot:5:    layout_basic

Skill      XL: |  1  2  3  4  5  6  7  8  9 10 11 12 13 14 15 16 17 18 19 20 21 22 23 24 25 26 |
---------------+-------------------------------------------------------------------------------+-----
Shields        | 4 5 7 9 10 12 13 14 16 18 19 21 22 23 24 26 27 | 27.0
Armour         | 4 5 6 7 8 9 10 12 13 14 15 16 17 18 19 20 23 26 27 | 27.0
Fighting       | 4 5 6 7 8 10 11 13 14 16 17 19 20 21 23 24 25 27 | 27.0
Axes           | 3 4 5 6 8 10 12 14 15 16 17 18 19 20 21 22 23 25 26 27 | 27.0
Dodging        | 1 2 3 4 5 12 14 | 14.6
Throwing       | 2 3 10 12 | 12.9
Evocations     | 1 2 3 4 |  4.3

Action                   |  1- 3 |  4- 6 |  7- 9 | 10-12 | 13-15 | 16-18 | 19-21 | 22-24 | 25-27 || total
-------------------------+-------+-------+-------+-------+-------+-------+-------+-------+-------++-------
Melee: War axe           |    69 |   175 |   319 |   726 |   586 |    42 |       |       |       ||  1917
       Headbutt          |     5 |    36 |    60 |   133 |   156 |   238 |   312 |   430 |   195 ||  1565
       Scimitar          |       |       |       |     5 |       |       |       |       |       ||     5
       Hand axe          |       |       |       |       |    20 |    57 |       |       |       ||    77
       Broad axe         |       |       |       |       |    50 |   900 |  1090 |  1241 |   581 ||  3862
Throw: Dart              |       |       |       |     3 |       |       |       |       |       ||     3
Invok: Berserk           |       |       |     1 |     5 |     3 |     2 |     1 |     3 |     4 ||    19
       Trog's Hand       |       |       |       |       |     3 |     3 |     1 |     1 |     5 ||    13
       Brothers in Arms  |       |       |       |       |     1 |     5 |     2 |     6 |     3 ||    17
Evoke: Wand              |       |       |       |     5 |       |     1 |     2 |     1 |       ||     9
       Condenser vane    |       |       |       |       |       |       |       |     2 |     1 ||     3
       Tin of tremorston |       |       |       |       |       |       |       |       |     1 ||     1
  Use: Potion            |       |       |       |     3 |     1 |       |     1 |     6 |     8 ||    19
       Scroll            |       |       |       |       |    24 |     9 |     6 |     6 |    11 ||    56
 Stab: Petrifying        |       |       |       |       |     1 |       |       |       |       ||     1
       Petrified         |       |       |       |       |     1 |       |       |       |       ||     1
       Confused          |       |       |       |       |       |     1 |       |       |       ||     1
       Distracted        |       |       |       |       |       |       |       |     2 |       ||     2
Armor: Scale mail        |    36 |     6 |       |       |       |       |       |       |       ||    42
       Plate armour      |       |   104 |   166 |   161 |       |       |       |       |       ||   431
       Chain mail        |       |       |       |   102 |   110 |       |       |       |       ||   212
       Gold dragon scale |       |       |       |       |    57 |   444 |   313 |   493 |   253 ||  1560
Dodge: Dodged            |    29 |    56 |    77 |   131 |   108 |   177 |   134 |   212 |   153 ||  1077
Block: Buckler           |    10 |    43 |   137 |   294 |    77 |       |   310 |   610 |   290 ||  1771
       Reflection        |       |       |     5 |    22 |    14 |    44 |    57 |    47 |    11 ||   200
       Kite shield       |       |       |       |       |   316 |   840 |   224 |       |       ||  1380
